AoeStats
← cristiantuck2000

Arabia

508323373Analyzed
1v1 RM · 11d ago on Sep 21, 2026· 53m 18s· 2 players
Game mode
Random Map
Map size
Tiny (2 player)
Population
200
Speed
Normal
Resources
Standard
Victory
Conquest
Starting age
Dark Age
Ending age
Imperial Age
RankedLock teamsTeams togetherTeam positionsShared explorationLock speedFull tech treeHidden civsTurbo modeCheats
Victory
Defeat
🇦🇷 Hindustanis · Argentina
989
+17
🇲🇽 Huns · Mexico
1013
-17
3ms
9:31 Feudal Age
9:59 Double-Bit Axe
10:02 Horse Collar
10:19 Loom
13:53 Town Watch
18:14 Wheelbarrow
22:07 Castle Age
20:05 Stone Mining
21:57 Bloodlines
21:44 Gold Mining
26:28 Husbandry
33:56 Forging
36:38 Hand Cart
36:48 Grand Trunk Road
37:49 Scale Barding Armor
39:35 Thumb Ring
38:54 Elite Skirmisher
40:47 Hand Cart
40:33 Town Patrol
42:25 Iron Casting
42:12 Chain Barding Armor
41:43 Fletching
41:54 Padded Archer Armor
45:07 Imperial Age
45:45 Ballistics
46:04 Stone Shaft Mining
46:06 Gold Shaft Mining
47:25 Chemistry
47:16 Bodkin Arrow
47:37 Leather Archer Armor
48:23 Blast Furnace
47:59 Plate Barding Armor
46:46 Heavy Camel Rider
47:59 Bracer
48:25 Masonry
50:59 Imperial Camel Rider
cristiantuck2000
7:46 Loom
10:12 Feudal Age
10:17 Man-at-Arms
17:39 Castle Age
17:44 Double-Bit Axe
19:14 Horse Collar
21:35 Wheelbarrow
22:21 Bloodlines
24:19 Hand Cart
26:15 Bow Saw
28:47 Pikeman
29:27 Fletching
32:33 Stone Mining
33:07 Ballistics
33:02 Bodkin Arrow
33:13 Husbandry
36:38 Padded Archer Armor
42:13 Imperial Age
41:02 Heavy Plow
40:55 Gold Mining
42:53 Gold Shaft Mining
42:23 Squires
42:35 Forging
42:58 Cavalier
45:00 Two-Man Saw
43:43 Heavy Cavalry Archer
44:50 Parthian Tactics
45:14 Bracer
46:01 Conscription
46:23 Scale Barding Armor
47:36 Chain Barding Armor
47:36 Leather Archer Armor
47:19 Elite Tarkan
49:19 Iron Casting
49:34 Plate Barding Armor
51:03 Blast Furnace
50:05 Scale Mail Armor
50:38 Marauders
51:10 Light Cavalry
Connection lost

Rejoining the realm…

Still unreachable

The connection could not be restored.

Session expired

The server has moved on; the page needs a fresh start.